 Dungeon Crawl Stone Soup version 0.24.0-37-gcf1ca852f1 (webtiles) character file.

Game seed: 1250764301144281834, levelgen mode: deterministic

3427 theswoord the Cleaver (level 9, -5/63 HPs)
             Began as a Demonspawn Fighter on Nov 26, 2019.
             Was a Follower of Kikubaaqudgha.
             Slain by a troll (13 damage)
             ... on level 8 of the Dungeon.
             The game lasted 00:13:41 (8336 turns).

theswoord the Cleaver (Demonspawn Fighter)          Turns: 8336, Time: 00:13:41

Health: -5/63      AC: 15    Str: 16    XL:     9   Next: 76%
Magic:  0/9        EV:  4    Int: 11    God:    Kikubaaqudgha [*.....]
Gold:   405        SH:  0    Dex: 17    Spells: 8/8 levels left

rFire    . . .     SeeInvis .   M - +4 hand axe (freeze)
rCold    . . .     Gourm    .   (no shield)
rNeg     . . .     Faith    .   d - +0 plate armour (curse)
rPois    .         Spirit   +   (no helmet)
rElec    .         Reflect  .   z - scarf {cloud immunity}
rCorr    +         Harm     .   q - +2 pair of gloves
MR       .....                  x - +0 pair of boots
Stlth    ..........             (no amulet)
HPRegen  0.20/turn              u - +2 ring of dexterity
MPRegen  0.11/turn              m - ring of resist corrosion

@: no status effects
A: demonic guardian 2, magic shield
a: Receive Corpses, Renounce Religion


You were on level 8 of the Dungeon.
You worshipped Kikubaaqudgha.
Kikubaaqudgha was aware of your devotion.
You were not hungry.

You visited 2 branches of the dungeon, and saw 10 of its levels.

You collected 405 gold pieces.

Inventory:

Hand Weapons
 a - a +1 war axe
 h - a +5 hand axe
 M - a +4 hand axe of freezing (weapon)
Armour
 b - a +0 scale mail
 c - a +0 shield
 d - a cursed +0 plate armour (worn)
 l - a scarf of spirit shield
 q - a +2 pair of gloves (worn)
 x - a +0 pair of boots (worn)
 z - a scarf of cloud immunity (worn)
Jewellery
 m - a ring of resist corrosion (right hand)
 u - a +2 ring of dexterity (left hand)
 D - an uncursed ring of positive energy
 K - a cursed amulet of inaccuracy {unknown}
Wands
 g - a wand of digging (9)
 w - a wand of flame (15)
 I - a wand of iceblast (12)
Scrolls
 i - 6 scrolls of teleportation
 j - 3 scrolls of enchant weapon
 p - 7 scrolls of remove curse
 s - 2 scrolls of amnesia
 y - a scroll of enchant armour
 A - a scroll of magic mapping
 B - a scroll of fog
 E - a scroll of summoning {unknown}
 F - a scroll of blinking
 G - 2 scrolls of identify
Potions
 e - 2 potions of curing
 k - a potion of agility
 n - 3 potions of haste {unknown}
 o - 4 potions of lignification
 r - 2 potions of magic
 t - a potion of degeneration
 v - a potion of flight {unknown}
 C - 2 potions of invisibility {unknown}
 J - a potion of brilliance {unknown}
Miscellaneous
 H - a sack of spiders
Comestibles
 f - 13 rations
 L - 3 chunks of flesh


   Skills:
 - Level 3.0 Fighting
 + Level 12.5 Axes
 - Level 2.6 Armour
 - Level 2.6 Shields


You had 8 spell levels left.
You didn't know any spells.
Your spell library contained the following spells:

 Spells                   Type           Power        Failure   Level  Hunger
 Animate Skeleton         Necr           N/A          100%        1    ##.....
 Pain                     Necr           #...         100%        1    ##.....
 Sublimation of Blood     Necr           #.........   100%        2    ###....
 Regeneration             Chrm/Necr      #.........   100%        3    ####...


Dungeon Overview and Level Annotations

Branches:
Dungeon (9/15)             Temple (1/1) D:7
   Lair: D:8-11         Orc: D:9-12

Altars:
Ashenzari
Cheibriados
Dithmenos
Elyvilon
Fedhas
Gozag
Hepliaklqana
Kikubaaqudgha
Makhleb
Nemelex Xobeh
Okawaru
Qazlal
Ru
Sif Muna
Trog
Uskayaw
Vehumet
Wu Jian
Xom
Yredelemnul
Zin
The Shining One


Innate Abilities, Weirdness & Mutations

A demonic guardian rushes to your aid.
When hurt, damage is shared between your health and your magic reserves.


Message History

The troll claws you!
* * * LOW HITPOINT WARNING * * *
Your soul eater hits the troll!!
You climb upwards.
Your summoned ally is left behind.
There is a stone staircase leading down here.
Your plate armour prevents you from hitting the troll.
The troll is severely wounded.
The troll bites you but does no damage. The troll claws you but does no damage.
The troll claws you.
* * * LOW HITPOINT WARNING * * *
You slash the troll! You freeze the troll.
The troll is almost dead.
You feel sick. The troll bites you but does no damage. The troll claws you!
* * * LOW HITPOINT WARNING * * *
The troll claws you.
* * * LOW HITPOINT WARNING * * *
Okay, then.
You feel better. The troll bites you!
You die...
Kikubaaqudgha rasps: "You have failed me!
Welcome... death!"

.##.####..##.###.####.....(.#.##.
..)).###.[...# #.# #.#####......
#..#.......### #.# #.# #...###
.)...###.#.#####.# #.# #..##
.##.####.........# #.# #..#
.##.........###### #.# ###..####
.##.######.## #.# #........ .##.#
#.##########.###.###.### .##.#
#......@T..<.....# #.... ....#
#.##########.###.###.#.# .####
#.# #.# #.....#.# .# #.# #.#
###.....# .# #.# #.# #......#. ##
#.# #.# #.....### ##### #.# #.#
#....## # ....# #.# #.# #.....###
###.# #.# #.# #......#.


You could see a troll.

Vanquished Creatures
  A hippogriff (D:8)
  A yak (D:7)
  A hog (D:7)
  An eye of draining (D:8)
  A phantom (D:4)
  A sky beast (D:6)
  An ice beast (D:5)
  2 ogres
  3 centaurs
  3 bullfrogs (D:9)
  A scorpion (D:5)
  3 killer bees (D:8)
  A howler monkey (D:9)
  7 wights
  2 crimson imps
  Crazy Yiuf (D:3)
  A bullfrog zombie (D:5)
  3 hounds
  2 jellies (D:6)
  4 orc wizards
  A bullfrog skeleton (D:8)
  3 orc priests
  A centaur skeleton (D:6)
  An iguana (D:3)
  3 worker ants
  A hound skeleton (D:5)
  A worker ant zombie (D:5)
  A howler monkey zombie (D:8)
  A howler monkey skeleton (D:5)
  8 adders
  2 shadow imps
  An adder zombie (D:8)
  An adder skeleton (D:4)
  2 worms (D:3)
  2 dart slugs (D:2)
  3 leopard geckos
  23 orcs
  8 giant cockroaches
  7 goblins
  11 hobgoblins
  2 jackals
  5 quokkas
  2 ball pythons
  9 bats
  8 frilled lizards
  5 kobolds
  A leopard gecko zombie (D:8)
  6 rats
  A fungus (D:3)
160 creatures vanquished.

Vanquished Creatures (collateral kills)
  A yak (D:7)
  A hog (D:7)
  A human (D:7)
  A necrophage (D:7)
  3 ogres
  A bullfrog (D:7)
  2 scorpions
  2 killer bees (D:8)
  A wight (D:7)
  A hound (D:7)
  An orc (D:5)
15 creatures vanquished.

Grand Total: 175 creatures vanquished

Notes
Turn   | Place    | Note
-------+----------+-------------------------------------------
     0 | D:1      | theswoord the Demonspawn Fighter began the quest for the
                  | Orb.
     0 | D:1      | Reached XP level 1. HP: 18/18 MP: 1/1
    67 | D:1      | Reached skill level 2 in Axes
   251 | D:1      | Gained mutation: When hurt, damage is shared between your
                  | health and your magic reserves. [demonic ancestry]
   251 | D:1      | Reached XP level 2. HP: 23/24 MP: 2/2
   606 | D:1      | Reached skill level 3 in Axes
   892 | D:2      | Gained mutation: A weak demonic guardian rushes to your
                  | aid. [demonic ancestry]
   892 | D:2      | Reached XP level 3. HP: 29/29 MP: 3/3
  1093 | D:2      | Found a faded altar of an unknown god.
  1806 | D:3      | Reached skill level 4 in Axes
  1806 | D:3      | Reached XP level 4. HP: 26/35 MP: 4/4
  2284 | D:3      | Reached XP level 5. HP: 36/41 MP: 3/5
  2406 | D:3      | Found a runed translucent door.
  2407 | D:3      | Noticed Crazy Yiuf
  2419 | D:3      | Killed Crazy Yiuf
  2419 | D:3      | Reached skill level 5 in Axes
  2835 | D:4      | Reached XP level 6. HP: 39/47 MP: 4/6
  2913 | D:4      | Reached skill level 6 in Axes
  4035 | D:5      | Entered Level 5 of the Dungeon
  4118 | D:5      | Reached skill level 7 in Axes
  4118 | D:5      | Gained mutation: A demonic guardian rushes to your aid.
                  | [demonic ancestry]
  4118 | D:5      | Reached XP level 7. HP: 52/52 MP: 7/7
  4202 | D:5      | Found a shadowy altar of Dithmenos.
  4306 | D:5      | Found a basalt altar of Yredelemnul.
  4568 | D:5      | Reached skill level 8 in Axes
  5296 | D:6      | Reached XP level 8. HP: 29/58 MP: 4/8
  5473 | D:6      | Reached skill level 9 in Axes
  5785 | D:6      | You fall into a shaft and drop 2 floors!
  6071 | D:7      | Reached skill level 10 in Axes
  6516 | D:7      | Found a staircase to the Ecumenical Temple.
  6622 | Temple   | Entered the Ecumenical Temple
  6677 | Temple   | Became a worshipper of Kikubaaqudgha
  6791 | D:7      | Found a shimmering altar of Xom.
  6791 | D:7      | Found an iron altar of Okawaru.
  6812 | D:7      | Found an opulent altar of Gozag.
  7417 | D:7      | Reached XP level 9. HP: 50/63 MP: 6/9
  7417 | D:7      | Reached skill level 11 in Axes
  8088 | D:8      | Reached skill level 12 in Axes
  8291 | D:9      | Reached * piety under Kikubaaqudgha
  8291 | D:9      | Identified Kikubaaqudgha's Disquisition on Necromancy
                  | (Kikubaaqudgha gifted it to you on level 9 of the Dungeon)
  8291 | D:9      | Received a gift from Kikubaaqudgha
  8324 | D:9      | Noticed a troll
  8335 | D:8      | HP: 2/63 [troll (3)]
  8336 | D:8      | Slain by a troll

Skill      XL: |  1  2  3  4  5  6  7  8  9 |
---------------+----------------------------+-----
Axes           | 2 3 4 5 7 8 10 12 | 12.5
Fighting       | |  3.0
Armour         | |  2.6
Shields        | |  2.6

Action                   |  1- 3 |  4- 6 |  7- 9 || total
-------------------------+-------+-------+-------++-------
Melee: War axe           |   123 |   172 |   168 ||   463
       Hand axe          |       |       |   184 ||   184
Evoke: Wand              |       |     1 |       ||     1
       Sack of spiders   |       |       |     1 ||     1
  Use: Scroll            |       |    13 |     4 ||    17
       Potion            |       |     3 |     3 ||     6
 Stab: Invisible         |       |     1 |       ||     1
       Distracted        |       |       |     1 ||     1
  Eat: Chunk             |     3 |     5 |     9 ||    17
       Ration            |       |     1 |     1 ||     2
Armor: Scale mail        |    77 |    62 |       ||   139
       Plate armour      |       |    12 |   224 ||   236
Dodge: Dodged            |    75 |    85 |    59 ||   219

Levels and vault maps discovered:
D:1:      lightli_arrival_farm, layout_basic
D:2:      layout_basic, first_ration, chequers_ecumenical_altar_simple
D:3:      minmay_octagon_keep, layout_rooms, uniq_crazy_yiuf_cottage
D:4:      layout_basic, dk_noncrumbling_3
D:5:      layout_loops_corners, lemuel_coloured_pillars_altar,
          nicolae_dithmenos_through_a_glass_darkly
D:6:      layout_cave_pods
D:7:      lemuel_ice_spiral_2, layout_basic, kennysheep_mini,
          gammafunk_temple_overflow_wave, minmay_temple_entry_overgrown,
          grunt_livestock
D:8:      layout_loops_ring
D:9:      layout_cave_pools, lair_entry_dummy, uniq_psyche, uniq_erica
Temple:   compressed_dpeg_circular_temple
